AoeStats
← Inf3ctedPenguin

Nomad

509957937Analyzed
2v2 RM · 4d ago on Sep 28, 2026· 27m 5s· 4 players
Game mode
Random Map
Map size
176×176
Population
200
Speed
Normal
Resources
Standard
Victory
Conquest
Starting age
Dark Age
Ending age
Imperial Age
RankedLock teamsTeams togetherTeam positionsShared explorationLock speedFull tech treeHidden civsTurbo modeCheats
Victory
Defeat
🇳🇱 Varangians · Netherlands
1536
+8
🇩🇪 Ethiopians · Germany
1399
+14
🇦🇷 Chinese · Argentina
1352
-11
🇦🇷 Spanish · Argentina
1348
-11
Holy Heroin
4:45 Loom
12:12 Feudal Age
17:05 Castle Age
16:46 Double-Bit Axe
17:29 Fletching
18:55 Bow Saw
18:39 Fishing Lines
19:01 Bodkin Arrow
20:45 Medium Warships
21:52 Gold Mining
26:24 Gillnets
27:07 Town Watch
Inf3ctedPenguin
6:38 Loom
12:21 Feudal Age
13:12 Double-Bit Axe
15:51 Horse Collar
20:23 Castle Age
18:36 Gold Mining
19:27 Fletching
19:38 Padded Archer Armor
20:29 Crossbowman
21:05 Bodkin Arrow
21:26 Leather Archer Armor
24:11 Town Watch
25:31 Ballistics
[VEP] Lepra
7:32 Loom
12:48 Feudal Age
16:26 Castle Age
18:40 Double-Bit Axe
[VEP] Assamita18
2:49 Loom
12:43 Feudal Age
13:50 Double-Bit Axe
16:42 Fletching
21:26 Castle Age
22:32 Medium Warships
Connection lost

Rejoining the realm…

Still unreachable

The connection could not be restored.

Session expired

The server has moved on; the page needs a fresh start.